 Dungeon Crawl Stone Soup version 0.27.0 (webtiles) character file.

Game seed: 93100275691866986

94827 inmateoo the Brawler (level 15, -6/134 HPs)
             Began as a Black Draconian Transmuter on July 31, 2021.
             Was the Champion of Cheibriados.
             Mangled by a catoblepas (23 damage)
             ... on level 14 of the Dungeon.
             The game lasted 00:42:20 (29108 turns).

inmateoo the Brawler (Black Draconian Transmuter)  Turns: 29108, Time: 00:42:20

Health: -6/134     AC: 12    Str: 27      XL:     15   Next: 64%
Magic:  26/29      EV: 22    Int: 34 (36) God:    Cheibriados [******]
Gold:   182        SH:  0    Dex: 26      Spells: 7/34 levels left

rFire    + . .     SeeInvis .     - Unarmed
rCold    + . .     Faith    .   (shield currently unavailable)
rNeg     + . .     Spirit   .   (armour unavailable)
rPois    .         Reflect  .   (helmet restricted)
rElec    +         Harm     .   e - +1 cloak
rCorr    .         Rampage  .   (gloves currently unavailable)
Will     ++...                  L - +0 pair of boots
Stlth    ++........             J - amulet of Kockyare {rF+ rN+ Regen+}
HPRegen  1.32/turn              I - ring of protection from cold
MPRegen  0.21/turn              q - ring of willpower

@: blade hands, flying, very slow
A: flying, breathe lightning, AC +9, unfitting armour, big wings, electricity
resistance, cold-blooded
a: Breathe Lightning, End Transformation, Renounce Religion, Bend Time, Temporal
Distortion, Slouch, Step From Time


You were on level 14 of the Dungeon.
You worshipped Cheibriados.
Cheibriados was exalted by your worship.
You had blades for hands.
You visited 4 branches of the dungeon, and saw 23 of its levels.
You visited 1 bazaar.
You also visited: Volcano.

You collected 2616 gold pieces.
You spent 2434 gold pieces at shops.

Inventory:

Missiles
 D - 5 throwing nets (quivered)
Armour
 e - a +1 cloak (worn)
 o - a +0 pair of gloves of strength (melded)
 L - a +0 pair of boots (worn)
Jewellery
 a - a ring of positive energy
 n - a ring of ice
 q - a ring of willpower (right blade hand)
 A - a ring of willpower
 C - a ring of resist corrosion
 I - a ring of protection from cold (left blade hand)
 J - the amulet of Kockyare (around neck) {rF+ rN+ Regen+}
   (You acquired it on level 6 of the Lair of Beasts)

   [amulet of regeneration]

   rF:        It protects you from fire.
   rN:        It protects you from negative energy.
   Regen:     It increases your rate of health regeneration.
Wands
 h - a wand of polymorph (19)
 m - a wand of flame (33)
 p - a wand of acid (8)
 s - a wand of iceblast (1)
Scrolls
 b - 2 scrolls of identify
 i - 3 scrolls of enchant weapon
 j - 15 scrolls of teleportation
 k - 4 scrolls of amnesia
 r - a scroll of fog
 u - 3 scrolls of magic mapping
 x - 5 scrolls of enchant armour
 y - 6 scrolls of fear
 z - a scroll of holy word
 F - 2 scrolls of silence
Potions
 c - 8 potions of curing
 d - 3 potions of attraction
 f - a potion of magic
 g - 4 potions of might
 l - a potion of invisibility
 t - a potion of cancellation
 v - 7 potions of heal wounds
 w - 2 potions of brilliance
 E - 2 potions of ambrosia
 G - 3 potions of mutation
 H - a potion of resistance


   Skills:
 - Level 12.3 Fighting
 - Level 10.3 Dodging
 - Level 15.2 Unarmed Combat
 + Level 10.4 Spellcasting
 * Level 6.3 Transmutations
 - Level 4.0 Ice Magic
 * Level 1.8 Earth Magic
 - Level 7.0 Poison Magic
 - Level 10.0 Invocations


You had 7 spell levels left.
You knew the following spells:

 Your Spells              Type           Power      Damage    Failure   Level
a - Beastly Appendage     Tmut           100%       N/A       9%          1
b - Wereblood             Tmut           57%        N/A       10%         2
c - Spider Form           Tmut/Pois      29%        N/A       12%         3
d - Olgreb's Toxic Radia  Pois           60%        N/A       17%         4
e - Ice Form              Ice/Tmut       52%        N/A       26%         4
f - Blink                 Tloc           N/A        N/A       28%         2
g - Blade Hands           Tmut           28%        N/A       34%         5
h - Statue Form           Tmut/Erth      30%        N/A       91%         6

Your spell library contained the following spells:

 Spells                   Type           Power      Damage    Failure   Level
 Sting                    Tmut/Pois      100%       1d8       8%          1
 Poisonous Vapours        Pois/Air       82%        N/A       14%         2
 Pain                     Necr           68%        1d7       24%         1
 Dazzling Flash           Conj/Hex       34%        N/A       41%         3
 Lesser Beckoning         Tloc           8%         N/A       41%         3
 Tukima's Dance           Hex            17%        N/A       41%         3
 Leda's Liquefaction      Hex/Erth       11%        N/A       58%         4
 Irradiate                Conj/Tmut      19%        3d20      61%         5
 Yara's Violent Unravell  Hex/Tmut       19%        3d9       61%         5
 Fulminant Prism          Conj/Hex       8%         3d7       69%         4
 Iskenderun's Mystic Bla  Conj/Tloc      17%        2d5       69%         4
 Passage of Golubria      Tloc           N/A        N/A       69%         4
 Lee's Rapid Deconstruct  Erth           15%        3d11*     75%         5
 Bolt of Magma            Conj/Fire/Erth 10%        4d7       87%         5
 Agony                    Necr           17%        N/A       90%         5
 Excruciating Wounds      Necr           8%         N/A       90%         5
 Manifold Assault         Tloc           17%        N/A       90%         5
 Silence                  Hex/Air        8%         N/A       90%         5
 Summon Forest            Summ/Tloc      8%         N/A       90%         5
 Summon Mana Viper        Hex/Summ       17%        N/A       90%         5
 Dragon Form              Tmut           28%        N/A       99%         7
 Shadow Creatures         Summ           N/A        N/A       100%        6


Dungeon Overview and Level Annotations

Branches:
Dungeon (14/15)            Temple (1/1) D:7            Lair (6/6) D:11
 Shoals (0/4) Lair:3       Spider (0/4) Lair:3        Slime (0/5) Lair:6
    Orc (2/2) D:10            Elf (0/3) Orc:2       Volcano (visited)
 Vaults: D:13-14

Altars:
Ashenzari
Cheibriados
Dithmenos
Elyvilon
Fedhas
Gozag
Hepliaklqana
Kikubaaqudgha
Makhleb
Nemelex Xobeh
Okawaru
Qazlal
Ru
Sif Muna
Trog
Uskayaw
Vehumet
Wu Jian
Xom
Yredelemnul
Zin
The Shining One
Jiyva

Shops:
D:6 (   Orc:2 !=[(*

Portals:
Hell: Lair:6

Annotations:
Orc:2 2 transporters, Rayvis's ghost, journeyman MiFi


Innate Abilities, Weirdness & Mutations

You have blades for hands.
You are flying.
Your spellcasting is less reliable in this form.
You are incapable of wielding weapons or throwing items.
You can breathe wild blasts of lightning.
Your glossy black scales are hard. (AC +9)
You cannot fit into any form of body armour.
Your large and strong wings let you fly.
You are resistant to electric shocks. (rElec)
You are cold-blooded and may be slowed by cold attacks.


Message History

Casting: Olgreb's Toxic Radiance (mildly dangerous; 1% risk of failure)
Confirm with . or Enter, or press ? or * to list all spells.
Your hands turn into razor-sharp scythe blades.
Your +0 pair of gloves of strength melds into your body.
You feel weaker.
You are engulfed in calcifying dust.
You are slowing down.
The catoblepas gores you!!
Unknown command.
You slice the catoblepas!!
The catoblepas is heavily wounded.
The catoblepas gores you!
Your limbs are stiffening.
Unknown command.
You slash the catoblepas! You tail-slap the catoblepas.
You slash the catoblepas.
The catoblepas is severely wounded.
The catoblepas breathes a plume of calcifying dust at you.
The blast of calcifying dust hits you but does no damage.
You have turned to stone.
You are engulfed in calcifying dust.
The catoblepas breathes a plume of calcifying dust at you.
The blast of calcifying dust hits you but does no damage.
You are engulfed in calcifying dust.
The catoblepas gores you!!
You are engulfed in calcifying dust.
The catoblepas gores you!
You are engulfed in calcifying dust.
The catoblepas gores you!!
You are engulfed in calcifying dust.
The catoblepas gores you!!
* * * LOW HITPOINT WARNING * * *
You are engulfed in calcifying dust.
The catoblepas gores you!
* * * LOW HITPOINT WARNING * * *
The catoblepas breathes a plume of calcifying dust at you.
The blast of calcifying dust hits you but does no damage.
You are engulfed in calcifying dust.
The catoblepas gores you!
* * * LOW HITPOINT WARNING * * *
You are engulfed in calcifying dust.
The catoblepas gores you!!
* * * LOW HITPOINT WARNING * * *
You turn to flesh and can move again.
You slice the catoblepas!! You tail-slap the catoblepas.
The catoblepas is almost dead.
You are engulfed in calcifying dust.
The catoblepas gores you!!
You die...

#..# #..# #..#####
#...§§R# ##.###.Y...
#.# ### #.#
#.##################
#.Y@§§.............#
##################.#
#.. ###


You could see a catoblepas.

Vanquished Creatures
  A stone giant (Volcano)
  Snorg (Orc:2)
  Josephine (Orc:2)
  Erolcha (D:9)
  Fannar (D:11)
  10 hydras
  Harold (D:11)
  A catoblepas (Lair:6)
  2 two-headed ogres
  3 centaur warriors
  5 death yaks (Lair:6)
  An orc high priest (Orc:2)
  A sun demon (Lair:6)
  5 skeletal warriors
  A swamp dragon (Lair:5)
  A wizard (Lair:6)
  An orange crystal statue (D:13)
  3 manticores
  2 deep elf pyromancers (D:12)
  4 orc knights (Orc:2)
  An oklob plant (Lair:6)
  3 orc sorcerers (Orc:2)
  An ugly thing (D:13)
  3 cyclopes (D:13)
  4 centaur zombies
  5 black mambas
  A gargoyle (D:13)
  4 orange demons (Lair:6)
  10 cane toads
  2 molten gargoyles (Volcano)
  3 kobold demonologists
  4 komodo dragons
  An efreet (Volcano)
  7 rime drakes
  An unseen horror (D:12)
  A hellwing (Lair:6)
  2 ice devils (Lair:6)
  12 trolls
  A hornet (D:11)
  2 polar bears
  5 jumping spiders (Lair:3)
  23 blink frogs
  13 slime creatures
  6 dream sheep (Lair:6)
  5 wyverns
  2 shadows
  4 redbacks (Lair:3)
  52 yaks
  5 wraiths
  2 vampires
  2 fire elementals (Volcano)
  14 steam dragons
  4 basilisks
  3 vampire mosquitoes (D:13)
  Grum (D:9)
  3 wargs
  2 acid dragons
  3 hell hounds (Lair:6)
  14 water moccasins
  27 orc warriors
  A sky beast (D:4)
  An ice beast (D:5)
  3 black bears
  A necrophage (D:8)
  7 ogres
  18 wolves
  12 centaurs
  A kobold brigand (D:9)
  14 bullfrogs
  Blork the orc (D:5)
  2 earth elementals (Volcano)
  2 scorpions (D:5)
  A wyvern zombie (D:6)
  3 gnoll sergeants
  A water moccasin skeleton (D:7)
  6 killer bees
  8 wights (D:9)
  2 electric eels
  A howler monkey (D:6)
  2 lava snakes (Volcano)
  2 bullfrog zombies (D:6)
  4 hounds
  7 jellies
  10 orc priests
  3 bullfrog skeletons
  A centaur skeleton (D:6)
  2 gnoll shamans
  Crazy Yiuf (D:3)
  3 iguanas
  2 scorpion zombies
  Natasha (twice) (D:4)
  20 orc wizards
  12 hell rats
  A hound skeleton (D:4)
  A howler monkey zombie (D:8)
  20 gnolls
  A howler monkey skeleton (D:7)
  11 adders
  A white imp (D:5)
  An ufetubus (D:5)
  A worm (D:3)
  8 dart slugs
  54 orcs
  8 ball pythons
  4 endoplasms
  4 giant cockroaches
  4 goblins
  3 hobgoblins
  6 jackals
  5 quokkas
  6 bats
  5 frilled lizards
  13 kobolds
  7 rats
624 creatures vanquished.

Vanquished Creatures (collateral kills)
  An orc warlord (Orc:2)
  3 orcs (Orc:2)
4 creatures vanquished.

Vanquished Creatures (others)
  A rime drake (Lair:2)
  Prince Ribbit (Lair:2)
  42 fungi
  33 plants
77 creatures vanquished.

Grand Total: 705 creatures vanquished

Notes
Turn   | Place    | Note
-------+----------+-------------------------------------------
     0 | D:1      | inmateoo the Draconian Transmuter began the quest for the
                  | Orb.
     0 | D:1      | Reached XP level 1. HP: 16/16 MP: 3/3
   380 | D:1      | Reached XP level 2. HP: 22/25 MP: 5/5
   773 | D:2      | Reached XP level 3. HP: 31/31 MP: 6/6
   812 | D:2      | Learned a level 2 spell: Wereblood
   816 | D:2      | Learned a level 3 spell: Spider Form
  1036 | D:2      | Found a glowing golden altar of the Shining One.
  1438 | D:2      | Found a faded altar of an unknown god.
  1771 | D:3      | Reached XP level 4. HP: 36/41 MP: 7/7
  1898 | D:3      | Found a runed translucent door.
  1899 | D:3      | Noticed Crazy Yiuf
  2715 | D:3      | Killed Crazy Yiuf
  2716 | D:3      | Reached skill level 5 in Fighting
  2896 | D:3      | Reached XP level 5. HP: 17/48 MP: 8/8
  3673 | D:4      | Noticed a sky beast
  3685 | D:4      | Killed a sky beast
  3686 | D:4      | Reached XP level 6. HP: 52/58 MP: 6/9
  4222 | D:4      | Reached skill level 1 in Poison Magic
  4457 | D:4      | Your scales start taking on a glossy black colour.
  4457 | D:4      | Reached XP level 7. HP: 52/66 MP: 7/10
  4457 | D:4      | Gained mutation: You are resistant to electric shocks.
                  | (rElec) [Black Draconian growth]
  4492 | D:4      | Noticed Natasha
  4787 | D:4      | Killed Natasha
  5136 | D:4      | Noticed Natasha
  5144 | D:4      | Killed Natasha
  5480 | D:4      | Reached skill level 4 in Unarmed Combat
  5747 | D:5      | Entered Level 5 of the Dungeon
  6020 | D:5      | Noticed Blork the orc
  6026 | D:5      | Killed Blork the orc
  6027 | D:5      | Reached XP level 8. HP: 62/73 MP: 8/12
  6318 | D:5      | You fall into a shaft and drop 1 floor!
  6331 | D:6      | Found a shadowy altar of Dithmenos.
  6443 | D:6      | Reached skill level 5 in Unarmed Combat
  6522 | D:6      | Reached skill level 6 in Unarmed Combat
  6778 | D:5      | Reached skill level 7 in Unarmed Combat
  6937 | D:4      | Learned a level 4 spell: Olgreb's Toxic Radiance
  6963 | D:5      | Reached XP level 9. HP: 79/79 MP: 11/13
  7570 | D:6      | Found a sacrificial altar of Ru.
  7823 | D:6      | Found Piutooge's Weapon Boutique.
  7986 | D:6      | Found a hide-covered altar of Uskayaw.
  8902 | D:7      | Learned a level 4 spell: Ice Form
  9217 | D:7      | Reached skill level 1 in Ice Magic
  9259 | D:7      | Identified a scroll of acquirement
  9259 | D:7      | Acquired a +0 pair of gloves of strength
  9354 | D:7      | Found a staircase to the Ecumenical Temple.
  9750 | Temple   | Entered the Ecumenical Temple
  9954 | Temple   | Became a worshipper of Cheibriados the Contemplative
 10371 | D:8      | Reached skill level 5 in Poison Magic
 10410 | D:8      | Reached skill level 5 in Dodging
 10652 | D:8      | Reached XP level 10. HP: 82/88 MP: 12/16
 10761 | D:8      | Found an ornate altar of the Wu Jian Council.
 11026 | D:9      | Reached * piety under Cheibriados
 11075 | D:9      | Noticed Grum
 11085 | D:9      | Killed Grum
 11091 | D:9      | Reached skill level 8 in Unarmed Combat
 11649 | D:9      | Reached skill level 5 in Transmutations
 11854 | D:9      | Reached ** piety under Cheibriados
 11991 | D:9      | Noticed Erolcha
 11995 | D:9      | Reached skill level 5 in Spellcasting
 12016 | D:9      | Killed Erolcha
 12256 | D:10     | Entered Level 10 of the Dungeon
 12452 | D:10     | Reached XP level 11. HP: 89/97 MP: 18/18
 12533 | D:10     | Found a staircase to the Orcish Mines.
 12822 | D:10     | Reached *** piety under Cheibriados
 12992 | D:10     | Reached skill level 9 in Unarmed Combat
 13034 | D:10     | Reached skill level 1 in Invocations
 14060 | D:11     | Found a staircase to the Lair.
 14106 | D:11     | Noticed Harold
 14129 | D:11     | Noticed a centaur warrior
 14139 | D:11     | Killed a centaur warrior
 14145 | D:11     | Reached **** piety under Cheibriados
 14379 | D:11     | Noticed Fannar
 14402 | D:11     | Killed Fannar
 14403 | D:11     | Reached skill level 10 in Fighting
 14459 | D:11     | Noticed a seven-headed hydra
 14465 | D:11     | Killed Harold
 14467 | D:11     | Killed a seven-headed hydra
 14468 | D:11     | Reached skill level 10 in Unarmed Combat
 14468 | D:11     | Reached skill level 5 in Invocations
 14865 | D:11     | Noticed Sonja
 14866 | D:11     | Noticed Sonja
 14866 | D:11     | Sonja changed into Sonja the hornet
 14872 | D:11     | Killed Sonja the hornet
 15055 | D:11     | Noticed a two-headed ogre
 15062 | D:11     | Killed a two-headed ogre
 15489 | D:12     | Noticed a deep elf pyromancer
 15551 | D:11     | Reached XP level 12. HP: 71/106 MP: 19/19
 15926 | Lair:1   | Entered Level 1 of the Lair of Beasts
 15926 | Lair:1   | Noticed a six-headed hydra
 15936 | Lair:1   | Killed a six-headed hydra
 16415 | Lair:1   | Found a broken altar of Ashenzari.
 16526 | Lair:1   | Reached ***** piety under Cheibriados
 16705 | Lair:1   | Reached XP level 13. HP: 113/113 MP: 19/26
 17441 | Lair:2   | Noticed Prince Ribbit
 17445 | Lair:2   | Reached skill level 10 in Invocations
 17462 | Lair:2   | Killed Prince Ribbit
 19005 | Lair:3   | Found a staircase to the Shoals.
 19156 | Lair:3   | Found a dark tunnel.
 19168 | Volcano  | Entered a volcano
 19261 | Volcano  | Found a bloodstained altar of Trog.
 19278 | Volcano  | Noticed a stone giant
 19295 | Volcano  | Killed a stone giant
 19965 | Lair:3   | Found a hole to the Spider Nest.
 20004 | Lair:3   | Reached skill level 10 in Spellcasting
 20911 | Lair:3   | Reached skill level 11 in Unarmed Combat
 20933 | Lair:3   | Gained mutation: Your large and strong wings let you fly.
                  | [Black Draconian growth]
 20933 | Lair:3   | Reached XP level 14. HP: 102/124 MP: 25/28
 21087 | Lair:3   | Reached ****** piety under Cheibriados
 22863 | Lair:5   | Found a transporter.
 23553 | Lair:5   | Found a transporter.
 23908 | Lair:6   | Entered Level 6 of the Lair of Beasts
 24022 | Lair:6   | Reached skill level 12 in Unarmed Combat
 24342 | Lair:6   | Acquired the amulet of Kockyare {rF+ rN+ Regen+}
 24538 | Lair:6   | Reached skill level 10 in Dodging
 24943 | Lair:6   | Found a viscous altar of Jiyva.
 24943 | Lair:6   | Found a staircase to the Slime Pits.
 25034 | Lair:6   | Reached skill level 13 in Unarmed Combat
 25421 | Lair:6   | Learned a level 2 spell: Blink
 25456 | Lair:6   | Found a burning altar of Makhleb.
 25469 | Lair:6   | Reached skill level 14 in Unarmed Combat
 25547 | Lair:6   | Found a gateway to Hell.
 25601 | Lair:6   | Reached XP level 15. HP: 132/132 MP: 29/29
 25784 | Orc:1    | Entered Level 1 of the Orcish Mines
 26150 | Orc:2    | Entered Level 2 of the Orcish Mines
 26151 | Orc:2    | Found Sariul's General Store.
 26230 | Orc:2    | Bought a scroll of identify for 34 gold pieces
 26230 | Orc:2    | Bought a scroll of identify for 34 gold pieces
 26230 | Orc:2    | Bought a scroll of teleportation for 51 gold pieces
 26230 | Orc:2    | Bought a potion of curing for 51 gold pieces
 26278 | Orc:2    | Found a staircase to the Elven Halls.
 26316 | Orc:2    | Noticed Rayvis's ghost (journeyman MiFi)
 26317 | Orc:2    | Found a transporter.
 26331 | Orc:2    | Found Dethu's Antique Armour Shoppe.
 26410 | Orc:2    | Noticed Snorg
 26421 | Orc:2    | Killed Snorg
 26473 | Orc:2    | Found Rati's Distillery.
 26495 | Orc:2    | Bought a potion of heal wounds for 80 gold pieces
 26495 | Orc:2    | Bought 2 potions of heal wounds for 160 gold pieces
 26495 | Orc:2    | Bought a potion of brilliance for 64 gold pieces
 26495 | Orc:2    | Bought a potion of might for 64 gold pieces
 26495 | Orc:2    | Bought a potion of curing for 48 gold pieces
 26495 | Orc:2    | Bought a potion of curing for 48 gold pieces
 26495 | Orc:2    | Bought a potion of mutation for 128 gold pieces
 26515 | Orc:2    | Found a transporter.
 26528 | Orc:2    | Found Zeyre's Jewellery Shoppe.
 26528 | Orc:2    | Noticed Josephine
 26538 | Orc:2    | Killed Josephine
 26780 | Orc:2    | Noticed an orc warlord
 26781 | Orc:2    | Found Xaggalaul's Antique Weapon Emporium.
 26787 | Orc:2    | Reached skill level 15 in Unarmed Combat
 26794 | Orc:2    | Killed an orc warlord
 28098 | D:13     | Found a gateway to a bazaar.
 28108 | Bazaar   | Entered a bazaar
 28124 | Bazaar   | Found Cearag Woef's Book Emporium.
 28125 | Bazaar   | Found Fiebahus's Weapon Emporium.
 28168 | Bazaar   | Found Obeypsi's Jewellery Shoppe.
 28168 | Bazaar   | Found Gaefumev's Magic Scroll Shoppe.
 28212 | Bazaar   | Bought a book of the Dryads for 418 gold pieces
 28212 | Bazaar   | Bought a book of Stone for 396 gold pieces
 28212 | Bazaar   | Bought a book of Transfigurations for 440 gold pieces
 28212 | Bazaar   | Bought Great Wizards, Vol. VII for 330 gold pieces
 28232 | Bazaar   | Bought a scroll of identify for 22 gold pieces
 28232 | Bazaar   | Bought a scroll of teleportation for 33 gold pieces
 28232 | Bazaar   | Bought a scroll of teleportation for 33 gold pieces
 28250 | D:13     | Learned a level 5 spell: Blade Hands
 28257 | D:13     | Learned a level 6 spell: Statue Form
 28831 | D:13     | Reached skill level 1 in Earth Magic
 29108 | D:14     | Mangled by a catoblepas

Illustrated notes

Levels and vault maps discovered:
D:1:      dpeg_arrival_three_smaller_balls, layout_rooms, serial_glass,
          glass_columns_b, glass_columns_a, st_stairs_14
D:2:      layout_basic, basic_altar, chequers_ecumenical_altar_simple_redux,
          minmay_heptomino_h4
D:3:      layout_basic, serial_glass, glass_columns_c, glass_columns_b,
          minmay_pentomino_pile, uniq_crazy_yiuf_cottage
D:4:      layout_basic, minmay_circle_x, uniq_natasha
D:5:      layout_loops_ring, serial_glass, glass_columns_a, glass_columns_c,
          minmay_misc_feat_doors, uniq_blork_the_orc
D:6:      layout_loops_cross, mainiacjoe_overflow_small_starburst,
          mainiacjoe_overflow_concentric_impassable,
          mainiacjoe_overflow_catwalk, serial_shops, kennysheep_mini_moat,
          kennysheep_path_1, hangedman_decor_points
D:7:      layout_basic, minmay_temple_entry_junction,
          chequers_serial_rivers_large_a, hangedman_glass_teeth
D:8:      layout_basic, nzn_wu_jian_council_hall, serial_bayou_crossing
D:9:      layout_basic, uniq_grum, uniq_erolcha
D:10:     layout_loops_corners, david_orc_1_choice, hangedman_decor_peaks_small
D:11:     layout_irregular_city, lair_entry_dummy, uniq_fannar, uniq_harold,
          uniq_sonja
D:12:     layout_long_grid
D:13:     layout_roguey, serial_shops, statue_bzr
D:14:     layout_loops_ring, david_vaults_2, nicolae_trove_entry_free_sample,
          grunt_decor_fettered
Temple:   regret_index_temple_mists
Lair:1:   layout_cave_pods, basic_altar, serial_bayou_shore_b,
          serial_bayou_shore_b
Lair:2:   layout_chaotic_city, bobbens_dragon_lair_wall, grunt_megastairs_4,
          uniq_prince_ribbit2
Lair:3:   layout_regular_city, shoals_dummy_entry,
          nicolae_spider_entry_tight_spaces, enter_volcano_2
Lair:4:   layout_regular_city, chequers_serial_rivers_micro_d,
          chequers_serial_rivers_micro_c, grunt_forest_stairs_basic,
          gammafunk_lair_bear_cave
Lair:5:   gammafunk_cloud_chamber, layout_hall_layers, serial_forest,
          infiniplex_forest_corner_1, infiniplex_forest_corner_2,
          infiniplex_forest_end_2, infiniplex_forest_straight_4,
          infiniplex_forest_lined_4_way, infiniplex_forest_straight_4,
          infiniplex_forest_lined_room_2, serial_bayou_ford_a,
          nicolae_lair_grove_arrangements
Lair:6:   evil_forest, layout_cave_pods, slime_altar_1,
          chequers_serial_rivers_room_a, infiniplex_staircase_pool_2,
          lemuel_fruit_fields, grunt_megastairs_1
Orc:1:    layout_caves
Orc:2:    grunt_orc_gardens, layout_diamond_mine, grunt_orc_garden,
          grunt_orc_garden, grunt_orc_garden, grunt_orc_garden, serial_shops,
          shop, gammafunk_ghost_stat_death, uniq_snorg, uniq_josephine

Skill      XL: |  1  2  3  4  5  6  7  8  9 10 11 12 13 14 15 |
---------------+----------------------------------------------+-----
Fighting       | 2 3 4 5 6 7 8 9 10 11 12 | 12.3
Dodging        | 2 3 4 5 6 7 8 10 | 10.3
Poison Magic   | 1 3 4 5 6 7 |  7.0
Spellcasting   | 3 4 5 9 10 | 10.4
Transmutations | 3 4 5 6 |  6.3
Unarmed Combat | 4 7 8 10 11 14 15 | 15.2
Ice Magic      | 2 4 |  4.0
Invocations    | 7 9 10 | 10.0
Earth Magic    | 1 |  1.8

Action                   |  1- 3 |  4- 6 |  7- 9 | 10-12 | 13-15 || total
-------------------------+-------+-------+-------+-------+-------++-------
Melee: Unarmed           |   146 |   215 |   453 |   397 |   919 ||  2130
       Kick              |    10 |     3 |     6 |       |     4 ||    23
       Tailslap          |    14 |    15 |    36 |    20 |   236 ||   321
       Headbutt          |     9 |     6 |     3 |       |     1 ||    19
       Punch             |     3 |     2 |     7 |    11 |    87 ||   110
Throw: Throwing net      |       |       |     1 |       |       ||     1
 Cast: Beastly Appendage |     8 |     4 |     6 |       |     1 ||    19
       Spider Form       |       |     8 |    24 |    13 |     6 ||    51
       Olgreb's Toxic Ra |       |       |     3 |    18 |    47 ||    68
       Ice Form          |       |       |     1 |    18 |    15 ||    34
       Wereblood         |       |       |       |     1 |       ||     1
       Blade Hands       |       |       |       |       |     1 ||     1
Invok: Slouch            |       |       |       |       |    11 ||    11
 Abil: Breathe Lightning |       |       |     6 |       |       ||     6
       End Transformatio |       |       |       |     4 |     7 ||    11
Evoke: Wand              |       |       |       |     9 |    21 ||    30
  Use: Scroll            |     3 |     4 |    11 |     3 |    10 ||    31
       Potion            |       |       |     6 |     2 |     6 ||    14
 Stab: Sleeping          |     3 |       |     1 |     1 |     5 ||    10
       Invisible         |       |       |     5 |       |     2 ||     7
       Distracted        |       |       |     1 |     1 |     2 ||     4
       Petrified         |       |       |       |       |     2 ||     2
Armor: Skin              |    44 |    53 |   137 |    98 |   234 ||   566
Dodge: Dodged            |   100 |   126 |   387 |   398 |   877 ||  1888
